Map: Tokamak LE

Players

Zoun - Winner!

  • Race: Protoss Protoss
  • League: Master
  • Spawn Location: 7:00

STZsOs (sOs)

  • Race: Protoss Protoss
  • League: Master
  • Spawn Location: 1:00

Event: HomeStory Cup XXVII

VOD

Have the link to the VOD?

Description

Time

  • Played on: June 29, 2025, 1:51 p.m.
  • Length: 5:09

All games in this series

Show
View Real Time Build Order
Export as new Build Order

Zoun Protoss - Winner!

Build Orders: Oracle Opening 

Get SALT Encoding   

  12  0:00  Probe  
  13  0:12  Probe  
  14  0:16  Pylon  
  14  0:23  Probe  
  15  0:31  Probe  
  16  0:36  Gateway  
  16  0:39  Probe  
  16  0:45  Assimilator  
  17  0:51  Probe  
  17  0:54  Assimilator  
  18  0:59  Probe  
  19  1:07  Gateway, Probe  
  20  1:17  Probe  
  20  1:23  Cybernetics Core  
  21  1:29  Probe  
  22  1:41  Probe  
  22  1:46  Pylon  
  23  2:04  Probe, Adept x2  
  28  2:10  Stargate  
  28  2:12  Warp Gate  
  28  2:17  Probe  
  29  2:33  Pylon  
  28  2:48  Oracle  
  28  2:49  Nexus  
  28  3:01  Probe  
  32  3:07  Stalker  
  34  3:13  Probe  
  35  3:25  Oracle  
  38  3:29  Probe  
  39  3:37  Pylon  
  39  3:49  Robotics Facility  
  39  3:54  Probe  
  40  4:02  Probe  
  36  4:03  Probe  
  36  4:05  Stalker x2  
  42  4:10  Probe  
  42  4:11  Probe  
  42  4:13  Shield Battery  
  44  4:19  Probe  
  44  4:22  Probe  
  46  4:29  Stalker  
  48  4:32  Probe  
  48  4:33  Stalker  
  55  4:56  Stalker x2  
Show
View Real Time Build Order
Export as new Build Order

STZsOs Protoss 

Build Orders: Phoenix Opening 

Get SALT Encoding   

  12  0:00  Probe  
  13  0:12  Probe  
  14  0:20  Pylon  
  14  0:24  Probe  
  15  0:34  Probe  
  15  0:38  Gateway  
  15  0:42  Probe  
  16  0:47  Assimilator  
  17  0:53  Probe  
  18  0:59  Pylon  
  18  1:01  Probe  
  18  1:06  Assimilator  
  18  1:09  Probe  
  20  1:20  Probe  
  20  1:25  Cybernetics Core  
  21  1:29  Zealot  
  21  1:32  Probe  
  24  1:44  Probe  
  25  2:00  Nexus  
  25  2:02  Sentry  
  25  2:05  Warp Gate  
  25  2:08  Probe  
  28  2:17  Pylon  
  28  2:24  Stalker  
  28  2:26  Probe  
  30  2:38  Phoenix, Robotics Facility  
  30  2:39  Probe  
  31  2:46  Shield Battery  
  31  2:53  Probe  
  31  2:54  Sentry  
  34  3:01  Shield Battery  
  35  3:05  Probe  
  36  3:12  Probe  
  36  3:19  Immortal, Probe  
  37  3:24  Shield Battery  
  37  3:31  Probe  
  39  3:42  Probe  
  39  3:43  Probe  
  41  3:54  Warp Prism  
  38  4:13  Stalker  
  34  4:30  Observer  
Tags
 
Add a new tag
Caveats
  • Supply blocks, unpowered buildings, or Contaminate may cause inaccurate times.
  • Supply counts are checked every 10 seconds.